 Dungeon Crawl Stone Soup version 0.23-a0-395-gcf17ac6c65 (webtiles) character file.

8521 Napalmbreeze the Destroyer (level 11, -3/61 HPs)
             Began as a Deep Elf Fire Elementalist on Nov 1, 2018.
             Was a Priest of Vehumet.
             Shot with a bolt by an orc warrior (18 damage)
             ... in a bailey.
             The game lasted 00:31:27 (10941 turns).

Napalmbreeze the Destroyer (DEFE)                  Turns: 10941, Time: 00:31:28

Health: -3/61      AC:  9    Str:  5    XL:     11   Next: 11%
Magic:  10/43      EV: 12    Int: 24    God:    Vehumet [***...]
Gold:   514        SH:  2    Dex: 15    Spells: 17/32 levels left

rFire    + + .     SeeInvis .   v - staff of power
rCold    x . .     Gourm    .   (no shield)
rNeg     . . .     Faith    .   E - +3 leather armour
rPois    .         Spirit   .   N - +2 hat
rElec    .         Reflect  +   (no cloak)
rCorr    .         Harm     .   y - +0 pair of gloves
MR       +....                  (no boots)
Stlth    ++........             D - +2 amulet of reflection
HPRegen  0.20/turn              b - ring of protection from fire
MPRegen  0.28/turn              M - ring of fire

@: no status effects
A: no striking features
a: Renounce Religion


You were in a bailey.
You worshipped Vehumet.
Vehumet was most pleased with you.
You were not hungry.

You visited 2 branches of the dungeon, and saw 11 of its levels.
You also visited: Bailey.

You collected 514 gold pieces.

Inventory:

Hand Weapons
 e - a +0 short sword
Armour
 a - a +0 robe
 y - a +0 pair of gloves (worn)
 B - a +0 buckler
 E - a +3 leather armour (worn)
 N - a +2 hat (worn)
Magical Staves
 v - an uncursed staff of power (weapon)
 G - an uncursed staff of conjuration
Jewellery
 b - a ring of protection from fire (left hand)
 h - an uncursed amulet of magic regeneration
 q - an uncursed ring of positive energy
 r - an uncursed ring of resist corrosion
 C - an uncursed ring of flight
 D - a +2 amulet of reflection (around neck)
 L - an uncursed amulet of rage
 M - a ring of fire (right hand)
Wands
 z - a wand of polymorph (2)
 J - a wand of iceblast (9)
Scrolls
 d - 2 scrolls of enchant armour
 f - 2 scrolls of magic mapping
 g - 2 scrolls of teleportation {unknown}
 k - 6 scrolls of remove curse
 s - a scroll of blinking {unknown}
 t - 3 scrolls of immolation {unknown}
 x - 3 scrolls of fear {unknown}
 A - 2 scrolls of identify
 F - a scroll of random uselessness {unknown}
 I - 2 scrolls of amnesia {unknown}
 O - a scroll of silence {unknown}
 P - a scroll of enchant weapon {unknown}
Potions
 i - 4 potions of flight {unknown}
 j - 2 potions of might {unknown}
 l - 2 potions of agility
 m - 2 potions of invisibility {unknown}
 n - 3 potions of magic {unknown}
 o - 3 potions of degeneration {unknown}
 p - 2 potions of heal wounds {unknown}
 u - 2 potions of mutation {unknown}
 w - 2 potions of haste {unknown}
 H - 2 potions of curing {unknown}
 K - a potion of berserk rage {unknown}
Comestibles
 c - 18 rations
 Q - 6 chunks of flesh


   Skills:
 + Level 4.1 Fighting
 - Level 2.4 Dodging
 - Level 2.4 Stealth
 + Level 3.5 Shields
 + Level 11.1 Spellcasting
 + Level 11.4 Conjurations
 + Level 9.8 Fire Magic


You had 17 spell levels left.
You knew the following spells:

 Your Spells              Type           Power        Failure   Level  Hunger
a - Flame Tongue          Conj/Fire      #####        1%          1    None
d - Conjure Flame         Conj/Fire      #######.     1%          3    None
e - Fireball              Conj/Fire      #######...   1%          5    ####...
f - Sticky Flame          Conj/Fire      #######.     1%          4    None
s - Throw Flame           Conj/Fire      ######       1%          2    None

Your spell library contained the following spells:

 Spells                   Type           Power        Failure   Level  Hunger
 Stone Arrow              Conj/Erth      #####.       1%          3    None
 Inner Flame              Hex/Fire       ######..     1%          3    None
 Animate Skeleton         Necr           N/A          8%          1    None
 Pain                     Necr           ##..         8%          1    None
 Regeneration             Chrm/Necr      ##........   24%         3    None
 Vampiric Draining        Necr           ##........   24%         3    None
 Animate Dead             Necr           N/A          61%         4    None


Dungeon Overview and Level Annotations

Branches:
Dungeon (10/15)            Temple (1/1) D:4            Lair (0/6) D:10
    Orc: D:9-12

Altars:
Ashenzari
Cheibriados
Dithmenos
Elyvilon
Fedhas
Gozag
Hepliaklqana
Kikubaaqudgha
Makhleb
Nemelex Xobeh
Okawaru
Qazlal
Ru
Sif Muna
Trog
Uskayaw
Vehumet
Wu Jian
Xom
Yredelemnul
Zin
The Shining One

Shops:
D:3 *   D:8 (

Annotations:
D:9 4 runed doors


Message History

Vehumet accepts your kill.
You feel your power returning.
You feel a bit more experienced. Vehumet accepts your kill.
You feel a bit more experienced.
There is a gate leading back out of this place here.
Casting: Fireball (safe; 1% risk of failure)
Confirm with . or Enter, or press ? or * to list all spells.
Aiming: Throw Flame (safe; 1% risk of failure)
Press: ? - help, Shift-Dir - straight line, f - orc
Aim: an orc, wielding a +0 spear and wearing a +0 ring mail You feel a surge of power!
The puff of flame misses the orc.
The orc warrior shoots a bolt.
The bolt hits you.
* * * LOW HITPOINT WARNING * * *
You hear a shout! x2
Press: ? - help, v - describe, . - travel
Here: an orc warrior, wielding a +0 arbalest and wearing a +0 scale mail The floor.
You hear a shout! x2
The orc warrior shoots a bolt.
The bolt hits you!!
You die...

#### ##∩## ####
..o.##...##.§§.
≈§≈..#...#..≈≈≈
§.§≈.......§§o≈
o≈.....o.§.
....... #...#
#.(.# ##@## ###


You could see an orc warrior and an orc.

Vanquished Creatures
  Gastronok (D:8)
  An ugly thing (D:8)
  A troll (D:10)
  A hornet (D:9)
  Prince Ribbit (D:6)
  6 yaks (D:9)
  Grum (D:9)
  A wyvern (D:8)
  A soldier ant (D:9)
  3 orc warriors
  4 phantoms
  A sky beast (D:6)
  4 ogres
  6 wolves
  8 centaurs
  A big kobold (D:7)
  2 bullfrogs (D:8)
  A scorpion (D:8)
  10 wights
  A howler monkey (D:9)
  10 electric eels
  A bullfrog zombie (D:8)
  A jelly (D:7)
  9 orc wizards
  4 orc priests
  2 bullfrog skeletons
  A centaur skeleton (D:9)
  A gnoll shaman (D:6)
  6 hounds
  An iron imp (D:9)
  2 iguanas
  13 worker ants
  2 worker ant zombies
  5 gnolls (D:6)
  A howler monkey skeleton (D:9)
  10 adders
  A shadow imp (D:8)
  3 oozes
  2 adder zombies (D:9)
  4 adder skeletons
  3 worms
  10 dart slugs
  6 leopard geckos
  27 orcs
  6 giant cockroaches
  5 goblins
  12 hobgoblins
  4 quokkas
  A ball python (D:1)
  8 bats
  3 frilled lizards (D:1)
  14 kobolds
  A leopard gecko skeleton (D:7)
  A leopard gecko zombie (D:7)
  A quokka skeleton (D:4)
  3 rats (D:3)
  A plant (D:8)
240 creatures vanquished.

Vanquished Creatures (others)
  A fungus (D:3)
1 creature vanquished.

Grand Total: 241 creatures vanquished

Notes
Turn   | Place    | Note
-------+----------+-------------------------------------------
     0 | D:1      | Napalmbreeze the Deep Elf Fire Elementalist began the quest
                  | for the Orb.
     0 | D:1      | Reached XP level 1. HP: 10/10 MP: 6/6
   181 | D:1      | Reached XP level 2. HP: 9/15 MP: 5/8
   442 | D:1      | Learned a level 2 spell: Throw Flame
   842 | D:2      | Found a shadowy altar of Dithmenos.
   850 | D:2      | Reached XP level 3. HP: 19/19 MP: 3/10
   855 | D:2      | Learned a level 3 spell: Conjure Flame
  1478 | D:2      | You fall through a shaft for 2 floors!
  1478 | D:4      | Found a white marble altar of Elyvilon.
  1481 | D:4      | Reached XP level 4. HP: 24/24 MP: 8/11
  1618 | D:2      | Learned a level 4 spell: Sticky Flame
  2323 | D:3      | Found a blossoming altar of Fedhas.
  2569 | D:3      | Found a sparkling altar of Nemelex Xobeh.
  2628 | D:3      | Reached XP level 5. HP: 24/28 MP: 5/13
  2856 | D:3      | Found a stormy altar of Qazlal.
  2893 | D:3      | Found a bloodstained altar of Trog.
  2929 | D:3      | Found an opulent altar of Gozag.
  2931 | D:3      | Found Gozag's Platinum Reserve.
  3547 | D:4      | Noticed an ogre
  3554 | D:4      | Killed an ogre
  3554 | D:4      | Reached skill level 5 in Spellcasting
  3554 | D:4      | Reached XP level 6. HP: 32/32 MP: 9/15
  3560 | D:4      | Reached skill level 5 in Conjurations
  3598 | D:4      | Found a staircase to the Ecumenical Temple.
  3620 | Temple   | Entered the Ecumenical Temple
  3835 | D:5      | Entered Level 5 of the Dungeon
  3856 | D:5      | Reached skill level 5 in Fire Magic
  4054 | D:5      | Reached XP level 7. HP: 36/36 MP: 7/17
  5208 | D:6      | Reached XP level 8. HP: 41/41 MP: 19/19
  5222 | D:6      | Found a radiant altar of Vehumet.
  5229 | D:6      | Noticed Prince Ribbit
  5235 | D:6      | Became a worshipper of Vehumet
  5273 | D:6      | Killed Prince Ribbit
  5308 | D:6      | Learned a level 5 spell: Fireball
  5326 | D:6      | Found an ornate altar of the Wu Jian Council.
  5548 | D:6      | Found a deep blue altar of Sif Muna.
  5687 | D:6      | You fall through a shaft for 3 floors!
  5687 | D:9      | Noticed Grum
  5877 | D:9      | Killed Grum
  6072 | D:9      | Reached XP level 9. HP: 14/45 MP: 17/23
  6256 | D:8      | Found Icofoniw's Weapon Emporium.
  6445 | D:8      | Found a sparkling altar of Nemelex Xobeh.
  6450 | D:8      | Noticed a purple ugly thing
  6537 | D:8      | Reached * piety under Vehumet
  6537 | D:8      | Offered knowledge of Shock by Vehumet.
  6681 | D:8      | Killed a purple ugly thing
  6681 | D:8      | Reached skill level 10 in Conjurations
  6964 | D:8      | Reached skill level 1 in Fighting
  7766 | D:7      | Reached ** piety under Vehumet
  7766 | D:7      | Offered knowledge of Freeze by Vehumet.
  8060 | D:7      | Reached XP level 10. HP: 53/53 MP: 10/25
  8199 | D:7      | Found a shimmering altar of Xom.
  8265 | D:7      | Reached skill level 1 in Shields
  8960 | D:9      | Found a huge runed gate.
  8964 | D:9      | Found a huge runed gate.
  8964 | D:9      | Found a huge runed gate.
  8965 | D:9      | Noticed a manticore
  8966 | D:9      | Found a huge runed gate.
  8999 | D:9      | Offered knowledge of Dazzling Spray by Vehumet.
  9001 | D:9      | Reached skill level 10 in Spellcasting
  9064 | D:9      | Found a shattered altar of Ashenzari.
  9304 | D:9      | Noticed Gastronok
  9461 | D:8      | Killed Gastronok
 10255 | D:9      | Reached *** piety under Vehumet
 10745 | D:10     | Entered Level 10 of the Dungeon
 10842 | D:10     | Reached XP level 11. HP: 60/60 MP: 28/28
 10842 | D:10     | Found a staircase to the Lair.
 10925 | D:10     | Found a flagged portal.
 10934 | D:10     | Offered knowledge of Stone Arrow by Vehumet.
 10936 | Bailey   | Entered a bailey
 10941 | Bailey   | Shot with a bolt by an orc warrior

Vault maps used:
D:1:      sevenhm_arrival_forest_fort_small_4
D:2:      lemuel_round_altar
D:3:      grunt_temple_overflow_forces_of_nature, lemuel_doored_altar,
          nicolae_gozag_zags_fifth_avenue, first_ration,
          nemelex_spade_bored_becter
D:4:      elyvilon_altar_5, minmay_temple_entry_junction_2, portal_sewer_entry_d
D:6:      kennysheep_slugbush, overflow_temple_1_default, vehumet_crystals,
          nicolae_overflow_crystal_walls, uniq_prince_ribbit1
D:7:      lemuel_crystal_altar, minivault_14, kennysheep_generic_room_7
D:8:      nemelex_xobeh_ov_fountains_minmay, serial_shops, shop,
          chequers_big_river, kennysheep_generic_room_6
D:9:      lemuel_bear_cage, cheibrodos_ashenzari_chains,
          hangedman_pestilent_swarm, stair_cage_line, uniq_grum, uniq_gastronok
D:10:     cheibrodos_iron_armory, erik_lair_island, enter_bailey_2
Temple:   compressed_dpeg_circular_temple
Bailey:   bailey_polearm_4, bailey

Skill      XL: |  1  2  3  4  5  6  7  8  9 10 11 |
---------------+----------------------------------+-----
Conjurations   | 2 3 4 5 7 9 10 11 | 11.4
Spellcasting   | 4 5 6 8 9 11 | 11.1
Fire Magic     | 4 5 6 7 8 9 |  9.8
Fighting       | 2 3 4 |  4.1
Shields        | 3 |  3.5
Dodging        | |  2.4
Stealth        | |  2.4

Action                   |  1- 3 |  4- 6 |  7- 9 | 10-12 || total
-------------------------+-------+-------+-------+-------++-------
Melee: Short sword       |     7 |    15 |       |       ||    22
       Staff             |       |       |     2 |     1 ||     3
 Cast: Flame Tongue      |    33 |    96 |   149 |    76 ||   354
       Throw Flame       |     9 |    21 |    81 |    25 ||   136
       Sticky Flame      |       |     4 |    14 |    12 ||    30
       Conjure Flame     |       |     2 |     8 |     2 ||    12
       Fireball          |       |       |    16 |    20 ||    36
Evoke: Wand              |       |       |     7 |     2 ||     9
  Use: Scroll            |       |     2 |       |     2 ||     4
  Eat: Chunk             |     2 |     8 |    14 |     8 ||    32
       Ration            |       |       |     1 |     1 ||     2
Armor: Robe              |     1 |     5 |     3 |       ||     9
       Leather armour    |       |       |     7 |     7 ||    14
Dodge: Dodged            |    18 |    25 |    21 |    24 ||    88
Block: Other             |       |       |       |     3 ||     3

Table legend:
 A = Non-vault XP
 B = Vault XP
 C = Vault XP percentage of total XP
 D = Non-vault monster count
 E = Vault monster count
 F = Vault count percentage of total count
                 A         B        C        D         E       F
            +---------+---------+-------+---------+---------+-------
      Total |    7398 |    4775 |  39.2 |     208 |      31 |  13.0
            +---------+---------+-------+---------+---------+-------
        D:1 |      26 |       0 |   0.0 |      15 |       0 |   0.0
        D:2 |      58 |       0 |   0.0 |      15 |       0 |   0.0
        D:3 |     111 |       0 |   0.0 |      33 |       0 |   0.0
        D:4 |     259 |      13 |   4.8 |       9 |       1 |  10.0
        D:5 |     879 |       0 |   0.0 |      27 |       0 |   0.0
        D:6 |     695 |     307 |  30.6 |      17 |       7 |  29.2
        D:7 |     925 |       3 |   0.3 |      32 |       1 |   3.0
        D:8 |    1857 |    2281 |  55.1 |      21 |       2 |   8.7
        D:9 |    2287 |     940 |  29.1 |      30 |       7 |  18.9
       D:10 |     301 |     948 |  75.9 |       9 |       9 |  50.0
     Bailey |       0 |     283 | 100.0 |       0 |       4 | 100.0
            +---------+---------+-------+---------+---------+-------
